 Dungeon Crawl Stone Soup version 0.30-a0-272-gf98c3da03f (webtiles) character file.

Game seed: 14190289969461352285

82 Lanoc the Conjurer (level 4, -3/30 HPs)
             Began as a Demonspawn Conjurer on Oct 15, 2022.
             Shot with a sling bullet by a goblin (5 damage)
             ... on level 3 of the Dungeon.
             The game lasted 00:03:37 (2631 turns).

Lanoc the Conjurer (Demonspawn Conjurer)            Turns: 2631, Time: 00:03:38

Health: -3/30      AC:  4    Str:  8    XL:     4   Next: 21%
Magic:  2/7        EV: 12    Int: 21    God:
Gold:   69         SH:  4    Dex: 11    Spells: 4/7 levels left

rFire   . . .      SeeInvis .    (no weapon)
rCold   . . .      Faith    .    (no shield)
rNeg    . . .      Spirit   .    a - +0 robe
rPois   .          Reflect  .    (no helmet)
rElec   .          Harm     .    (no cloak)
rCorr   .          Rampage  .    (no gloves)
Will    .....                    (no boots)
Stlth   ++........               (no amulet)
HPRegen 0.25/turn                (no ring)
MPRegen 0.10/turn                (no ring)

@: mighty
A: icy blue scales 1, condensation shield
a: no special abilities


You were on level 3 of the Dungeon.
You visited 1 branch of the dungeon, and saw 3 of its levels.

You collected 69 gold pieces.

Inventory:

Armour
 a - a +0 robe (worn)
Scrolls
 d - a scroll of enchant armour {unknown}
 e - a scroll of amnesia {unknown}
 g - 2 scrolls of noise {unknown}
 h - 3 scrolls of identify {unknown}
 j - a scroll of butterflies {unknown}
 m - a scroll of teleportation {unknown}
 n - 2 scrolls of vulnerability {unknown}
Potions
 b - a potion of magic
 c - a potion of invisibility {unknown}
 f - a potion of curing {unknown}
 i - a potion of might
 k - a potion of heal wounds {unknown}
 l - a potion of degeneration {unknown}
 o - a potion of attraction {unknown}
 p - a potion of haste {unknown}


   Skills:
 + Level 2.7 Dodging
 - Level 1.7 Stealth
 - Level 2.0 Spellcasting
 * Level 5.2 Conjurations


You had 4 spell levels left.
You knew the following spells:

 Your Spells              Type           Power      Damage    Failure   Level
a - Magic Dart            Conj           96%        1d7       1%          1
b - Searing Ray           Conj           48%        2d6       2%          2

Your spell library contained the following spells:

 Spells                   Type           Power      Damage    Failure   Level
 Dazzling Flash           Conj/Hex       26%        N/A       16%         3
 Fulminant Prism          Conj/Hex       6%         3d7       45%         4
 Iskenderun's Mystic Bla  Conj/Tloc      13%        2d5       45%         4


Dungeon Overview and Level Annotations

Branches:
Dungeon (3/15)

Altars:

Shops:
D:2 :

Annotations:
D:3 Grinder


Innate Abilities, Weirdness & Mutations

You are partially covered in icy blue scales. (AC +2)
A meltable shield of frost defends you. (SH +4)


Message History

Found an escape hatch in the ceiling.
The adder hisses angrily.
The goblin unwields a +0 dagger.
The goblin wields a +0 sling.
The goblin shoots a sling bullet.
You block the sling bullet.
Grinder blinks!
The goblin shoots a sling bullet.
You block the sling bullet. The adder attacks as you move away!
The adder closely misses you. The adder barely misses you.
Casting: Searing Ray (safe; 2% risk of failure)
Confirm with . or Enter, or press ? or * to list all spells.
Aiming: Searing Ray (safe; 2% risk of failure)
Press: ? - help, Shift-Dir - straight line, f - adder
Aim: an adder (63% to hit)
The searing ray misses the adder. (Press . to maintain the ray.)
The adder bites you but does no damage.
The searing ray hits the adder.
The adder is severely wounded.
The adder bites you but does no damage.
Grinder blinks!
The searing ray hits the adder!
You kill the adder!
The searing ray hits the goblin.
The goblin is severely wounded.
The searing ray misses the goblin.
You finish channelling your searing ray.
The goblin shoots a sling bullet.
The sling bullet barely misses you. Grinder gestures at you.
You suddenly lose the ability to move!
Grinder gestures at you. Pain shoots through your body!
The goblin shoots a sling bullet.
The sling bullet hits you.
The goblin shoots a sling bullet.
The sling bullet hits you.
* * * LOW HITPOINT WARNING * * *
Grinder hits you.
* * * LOW HITPOINT WARNING * * *
You can move again.
It was a potion of might.
You feel very mighty all of a sudden.
The goblin shoots a sling bullet.
The sling bullet hits you.
You die...

....#....# #..........
........# .....#... #....#
....#.. #..... ######...#.
#...## ..........# ##...+.
..........# #....##
........|5# #......
.......g.@# #..####
........#.##########..#
........#.............#
........#.............#
........#..........#......
.$......#..........#......
.....<..#..........#.#+###
.....?.............#.#
.............#.#


You could see Grinder and a goblin.

Vanquished Creatures
  2 adders
  2 dart slugs
  8 bats
  5 endoplasms
  5 giant cockroaches
  4 goblins
  5 hobgoblins
  3 jackals (D:2)
  9 kobolds
  2 quokkas
  5 ball pythons
  3 frilled lizards
  A rat (D:2)
54 creatures vanquished.

Vanquished Creatures (others)
  3 plants (D:3)
3 creatures vanquished.

Grand Total: 57 creatures vanquished

Notes
Turn   | Place    | Note
-------+----------+-------------------------------------------
     0 | D:1      | Lanoc the Demonspawn Conjurer began the quest for the Orb.
     0 | D:1      | Reached XP level 1. HP: 13/13 MP: 3/3
   282 | D:1      | Gained mutation: A meltable shield of frost defends you.
                  | (SH +4) [demonic ancestry]
   282 | D:1      | Reached XP level 2. HP: 19/19 MP: 3/5
  1139 | D:1      | Reached XP level 3. HP: 24/24 MP: 4/6
  1790 | D:2      | Found Xocy's Book Shop.
  1884 | D:2      | Reached skill level 5 in Conjurations
  2114 | D:2      | Gained mutation: You are partially covered in icy blue
                  | scales. (AC +2) [demonic ancestry]
  2114 | D:2      | Reached XP level 4. HP: 30/30 MP: 4/7
  2117 | D:2      | Learned a level 2 spell: Searing Ray
  2619 | D:3      | Noticed Grinder
  2627 | D:3      | Paralysed by Grinder for 4 turns
  2631 | D:3      | Shot with a sling bullet by a goblin

Illustrated notes

Levels and vault maps discovered:
D:1:      arrival_zaba_pyramid, layout_basic
D:2:      layout_loops_ring, serial_shops, nicolae_shop_window_shopping
D:3:      corexii_shack_village, layout_basic, uniq_grinder, uniq_ijyb

Skill      XL: |  1  2  3 |
---------------+----------+-----
Dodging        | 2 |  2.7
Conjurations   | 5 |  5.2
Stealth        | |  1.7
Spellcasting   | |  2.0

Action                   |  1- 3 |  4- 6 || total
-------------------------+-------+-------++-------
Melee: Unarmed           |    11 |       ||    11
 Cast: Magic Dart        |    85 |     4 ||    89
       Searing Ray       |       |     6 ||     6
  Use: Potion            |       |     1 ||     1
Armor: Robe              |     3 |     3 ||     6
Dodge: Dodged            |     9 |     3 ||    12
Block: Other             |     2 |     2 ||     4

Table legend: (Time is in decaauts)
 A = Elapsed time spent in this place.
 B = Non-inter-level travel time spent in this place.
 C = Inter-level travel time spent in this place.
 D = Time resting spent in this place.
 E = Time spent auto-exploring this place.
 F = Levels seen in this place.
 G = Mean time per level.
                   A        B        C        D        E       F      G
               +--------+--------+--------+--------+--------+-----+--------+
         Total |   2630 |   2565 |     65 |      0 |   2350 |   3 |  876.7 |
       Dungeon |   2630 |   2565 |     65 |      0 |   2350 |   3 |  876.7 |
               +--------+--------+--------+--------+--------+-----+--------+

Top non-repeatable levels by time:
     D:1: 1502 daAuts
     D:2: 1012 daAuts
     D:3: 115 daAuts
